 Dungeon Crawl Stone Soup version 0.23.0-3-gf3c87f2df8 (webtiles) character file.

Game seed: 14663384916198060296

356 Kniotic the Sneak (level 6, -2/48 HPs)
             Began as a Demigod Assassin on Feb 22, 2019.
             Slain by a slave (4 damage)
             ... led by Pikel
             ... on level 3 of the Dungeon.
             The game lasted 00:16:47 (4611 turns).

Kniotic the Sneak (Demigod Assassin)                Turns: 4611, Time: 00:16:48

Health: -2/48      AC:  3    Str: 14    XL:     6   Next: 13%
Magic:  8/8        EV: 11    Int: 17    God:
Gold:   187        SH:  0    Dex: 19    Spells: 5/5 levels left

rFire    . . .     SeeInvis +   x - +1 dagger (speed)
rCold    . . .     Gourm    .   (no shield)
rNeg     . . .     Faith    .   c - +0 robe
rPois    +         Spirit   .   (no helmet)
rElec    .         Reflect  .   d - +0 cloak
rCorr    .         Harm     .   (no gloves)
MR       .....                  (no boots)
Stlth    +++.......             (no amulet)
HPRegen  0.16/turn              h - ring of see invisible
MPRegen  0.11/turn              j - ring of poison resistance

@: hasted, drained, very quick
A: high mp 1
a: no special abilities


You were on level 3 of the Dungeon.
You were hungry.

You visited 1 branch of the dungeon, and saw 4 of its levels.

You collected 187 gold pieces.

Inventory:

Hand Weapons
 a - a +2 dagger
 b - a +0 blowgun
 x - a +1 dagger of speed (weapon)
Missiles
 s - 4 poisoned needles
 w - a curare-tipped needle
Armour
 c - a +0 robe (worn)
 d - a +0 cloak (worn)
 u - a +0 pair of gloves
Jewellery
 h - a ring of see invisible (left hand)
 j - a ring of poison resistance (right hand)
 q - an uncursed ring of fire
Wands
 f - a wand of random effects (17)
 p - a wand of polymorph (10)
Scrolls
 e - 2 scrolls of enchant armour {unknown}
 i - a scroll of magic mapping {unknown}
 k - 2 scrolls of remove curse {unknown}
 m - 3 scrolls of enchant weapon {unknown}
 n - a scroll of blinking {unknown}
 r - a scroll of amnesia {unknown}
 y - a scroll of identify {unknown}
Potions
 o - a potion of haste
 t - a potion of curing {unknown}
Comestibles
 g - 6 rations
 v - 3 chunks of flesh


   Skills:
 - Level 1.7(1.0) Fighting
 + Level 4.5(3.7) Short Blades
 - Level 1.7(1.0) Throwing
 - Level 0.8(0.1) Dodging
 + Level 5.9(5.1) Stealth


You had 5 spell levels left.
You didn't know any spells.
Your spell library was empty.

Dungeon Overview and Level Annotations

Branches:
Dungeon (4/15)
 Temple: D:4-7

Annotations:
D:4 1 runed translucent door, Crazy Yiuf, Pikel


Innate Abilities, Weirdness & Mutations

You have an increased reservoir of magic. (+10% MP)


Message History

Aim: a slave, wearing a +0 animal skin (lightly wounded)
The slave seems to speed up.
The slave hits you. The slave hits you!
* * * LOW HITPOINT WARNING * * *
The slave hits you.
* * * LOW HITPOINT WARNING * * *
Okay, then.
You feel much better. The slave barely misses you. The slave hits you.
The slave hits you. The slave hits you. The slave hits you. The slave hits you.
The slave hits you. The slave hits you!
* * * LOW HITPOINT WARNING * * *
The slave hits you.
* * * LOW HITPOINT WARNING * * *
The slave hits you.
* * * LOW HITPOINT WARNING * * *
It was a potion of haste.
You feel yourself speed up. The slave hits you.
You die...

#...# #.....# #.##>#..
#.### #.....# #.......
#.# #.....# #.......
#.# ####### ####.###
#.# #.# #.# #.# #.#
##############.# #.#
#.p............#
#.######@##############
#........# ##########


You could see a slave.

Vanquished Creatures
  An ogre (D:4)
  An orc priest (D:3)
  Ijyb (D:4)
  2 orc wizards
  A hound skeleton (D:4)
  7 gnolls (D:2)
  2 adders
  13 orcs
  A ball python (D:3)
  A giant cockroach (D:1)
  6 goblins
  7 hobgoblins
  2 jackals (D:3)
  2 quokkas
  5 bats
  2 frilled lizards
  3 kobolds
  A leopard gecko skeleton (D:4)
  A quokka skeleton (D:4)
  7 rats
66 creatures vanquished.

Notes
Turn   | Place    | Note
-------+----------+-------------------------------------------
     0 | D:1      | Kniotic the Demigod Assassin began the quest for the Orb.
     0 | D:1      | Reached XP level 1. HP: 17/17 MP: 3/3
   271 | D:1      | Reached XP level 2. HP: 24/24 MP: 4/4
   447 | D:1      | Reached skill level 4 in Stealth
   683 | D:2      | Found a hazy altar of Hepliaklqana.
   795 | D:2      | Found a white marble altar of Elyvilon.
   966 | D:2      | Reached XP level 3. HP: 29/29 MP: 5/5
  1433 | D:2      | Reached XP level 4. HP: 36/36 MP: 6/6
  1569 | D:3      | Found a shimmering altar of Xom.
  2180 | D:3      | Reached skill level 5 in Stealth
  2819 | D:3      | Reached XP level 5. HP: 26/41 MP: 7/7
  3100 | D:4      | Noticed a slave
  3100 | D:4      | Noticed a slave
  3213 | D:4      | Noticed an ogre
  3272 | D:4      | Killed an ogre
  3941 | D:4      | Reached XP level 6. HP: 32/48 MP: 8/8
  4071 | D:4      | Noticed Ijyb
  4101 | D:4      | Killed Ijyb
  4170 | D:4      | Found a shadowy altar of Dithmenos.
  4190 | D:4      | Found a runed translucent door.
  4191 | D:4      | Noticed Crazy Yiuf
  4536 | D:4      | Noticed Pikel
  4610 | D:3      | HP: 2/48 [slave[Pikel] (3)]
  4611 | D:3      | Slain by a slave

Skill      XL: |  1  2  3  4  5 |
---------------+----------------+-----
Short Blades   | 2 3 4 |  4.5
Stealth        | 4 5 |  5.9
Fighting       | |  1.7
Throwing       | |  1.7
Dodging        | |  0.8

Action                   |  1- 3 |  4- 6 || total
-------------------------+-------+-------++-------
Melee: Dagger            |    56 |   229 ||   285
       Unarmed           |       |     8 ||     8
 Fire: Blowgun           |    10 |    30 ||    40
Evoke: Wand              |       |     1 ||     1
  Use: Potion            |       |     2 ||     2
 Stab: Sleeping          |    11 |     4 ||    15
  Eat: Chunk             |     1 |    10 ||    11
Armor: Robe              |     8 |    25 ||    33
Dodge: Dodged            |    28 |   102 ||   130
